[ AOE2 MATCH · #505785506 ]
UnrankedJapanese vs Muisca
Player's team · LOSS
Rival team · WIN
[ REPLAY ANALYSIS · EXTRACTED FROM THE RECORDED GAME ]
Feudal
8:53
Castle
22:18
Imperial
—
| APM avg | 79.2 |
| APM peak | 125 |
| eAPM avg | 29.6 |
| Villagers / military | 89 / 56 |
Focus
⚔️ 48.2% · 🌾 51.8%
Cavalry Archer ×16 · Skirmisher ×12 · Mangonel ×8 · Archer ×7 · Knight ×5 · Militia ×5
Feudal
8:31
Castle
22:35
Imperial
—
| APM avg | 95.2 |
| APM peak | 144 |
| eAPM avg | 49.2 |
| Villagers / military | 124 / 52 |
Focus
⚔️ 57.3% · 🌾 42.7%
Skirmisher ×37 · Monk ×7 · Archer ×4 · Mangonel ×4 · Unknown (2586) ×4 · Unknown (2550) ×3
Match map
Initial resources + every placement click. Lines = walls · curves = elevation contours. ◆ gold · ⬟ stone · ● berries · ✦ relic · ◌ wall gap
Your base· Open — opponent sealed themselves in
wR.Lucho's base· ✓ Closed at 22:35 · 52t walls · 2 gate(s)
Smoothed initial terrain · ◌ = detected wall gap · hover for details
Inputs per minute
— wR.ACCM - - wR.Lucho
Build order — wR.ACCM
First 150 of 257 actions detected
| 0:00 | Create | Villager (Male) |
| 0:01 | Create | Villager (Male) |
| 0:02 | Build | House |
| 0:02 | Build | House |
| 0:16 | Create | Villager (Male) |
| 0:16 | Create | Villager (Male) |
| 1:26 | Create | Villager (Male) |
| 1:26 | Create | Villager (Male) |
| 1:26 | Create | Villager (Male) |
| 1:43 | Build | Lumber Camp |
| 2:00 | Create | Villager (Male) |
| 2:00 | Create | Villager (Male) |
| 2:24 | Create | Villager (Male) |
| 2:24 | Create | Villager (Male) |
| 2:41 | Create | Villager (Male) |
| 3:08 | Create | Villager (Male) |
| 3:09 | Create | Villager (Male) |
| 3:40 | Create | Villager (Male) |
| 3:40 | Create | Villager (Male) |
| 3:53 | Build | House |
| 3:59 | Build | House |
| 4:02 | Create | Villager (Male) |
| 4:02 | Create | Villager (Male) |
| 4:09 | Build | House |
| 4:38 | Build | Barracks |
| 4:41 | Build | Barracks |
| 4:49 | Create | Villager (Male) |
| 5:11 | Create | Villager (Male) |
| 5:19 | Build | House |
| 5:42 | Create | Villager (Male) |
| 5:42 | Research | Loom |
| 6:04 | Build | Mining Camp |
| 6:43 | Research | Feudal Age |
| 6:45 | Create | Militia |
| 6:46 | Create | Militia |
| 6:53 | Build | Lumber Camp |
| 7:14 | Create | Militia |
| 7:36 | Create | Militia |
| 7:56 | Create | Militia |
| 8:10 | Build | Mill |
| 8:11 | Build | House |
| 8:33 | Create | Villager (Male) |
| 8:37 | Build | Palisade Wall |
| 8:38 | Build | Palisade Wall |
| 8:45 | Build | House |
| 8:48 | Build | Palisade Gate |
| 8:53 | Age | Feudal Age |
| 8:55 | Research | Man-at-Arms (upgrade) |
| 9:16 | Create | Villager (Male) |
| 9:26 | Build | House |
| 9:27 | Build | Palisade Wall |
| 9:28 | Build | Palisade Wall |
| 9:40 | Build | Archery Range |
| 9:57 | Create | Villager (Male) |
| 9:57 | Create | Villager (Male) |
| 10:17 | Create | Villager (Male) |
| 10:25 | Build | Watch Tower |
| 10:36 | Create | Archer |
| 10:40 | Build | House |
| 10:42 | Build | Palisade Wall |
| 10:44 | Build | House |
| 10:47 | Build | Palisade Wall |
| 10:48 | Create | Villager (Male) |
| 10:55 | Create | Archer |
| 10:59 | Create | Villager (Male) |
| 11:06 | Create | Archer |
| 11:42 | Create | Villager (Male) |
| 11:43 | Create | Archer |
| 11:57 | Build | Farm |
| 11:58 | Build | Farm |
| 12:17 | Create | Villager (Male) |
| 12:25 | Build | Farm |
| 12:28 | Build | Farm |
| 12:28 | Create | Villager (Male) |
| 12:44 | Build | Farm |
| 12:48 | Build | Palisade Wall |
| 12:53 | Create | Skirmisher |
| 13:13 | Build | Palisade Wall |
| 13:15 | Create | Villager (Male) |
| 13:20 | Build | Farm |
| 13:31 | Create | Archer |
| 13:35 | Build | House |
| 13:40 | Create | Villager (Male) |
| 14:03 | Create | Villager (Male) |
| 14:04 | Build | Blacksmith |
| 14:13 | Create | Archer |
| 14:25 | Build | Farm |
| 14:26 | Create | Villager (Male) |
| 14:41 | Research | Double-Bit Axe |
| 14:52 | Build | Farm |
| 14:54 | Create | Archer |
| 14:55 | Create | Villager (Male) |
| 15:20 | Build | Farm |
| 15:23 | Build | House |
| 15:26 | Research | Fletching |
| 15:28 | Create | Villager (Male) |
| 15:34 | Build | Farm |
| 15:35 | Build | Farm |
| 15:48 | Create | Skirmisher |
| 15:55 | Build | Farm |
| 15:55 | Create | Villager (Male) |
| 16:02 | Create | Skirmisher |
| 16:07 | Build | House |
| 16:38 | Create | Villager (Male) |
| 16:58 | Create | Skirmisher |
| 16:59 | Create | Skirmisher |
| 17:03 | Create | Villager (Male) |
| 17:06 | Build | House |
| 17:07 | Build | Farm |
| 17:10 | Build | Farm |
| 17:22 | Research | Padded Archer Armor |
| 17:23 | Create | Skirmisher |
| 17:35 | Create | Villager (Male) |
| 17:47 | Create | Skirmisher |
| 18:03 | Build | Farm |
| 18:04 | Create | Villager (Male) |
| 18:14 | Build | Market |
| 18:19 | Build | House |
| 18:21 | Build | Palisade Wall |
| 18:23 | Build | Palisade Wall |
| 18:26 | Build | Farm |
| 18:27 | Create | Villager (Male) |
| 18:45 | Build | Outpost |
| 18:52 | Build | Farm |
| 19:38 | Research | Castle Age |
| 19:38 | Research | Castle Age |
| 19:39 | Create | Skirmisher |
| 19:52 | Build | Archery Range |
| 20:03 | Build | Mining Camp |
| 20:04 | Create | Skirmisher |
| 20:15 | Research | Horse Collar |
| 20:35 | Create | Skirmisher |
| 21:11 | Create | Skirmisher |
| 21:22 | Build | Stable |
| 21:30 | Create | Villager (Male) |
| 21:54 | Create | Skirmisher |
| 21:59 | Create | Scout Cavalry |
| 22:18 | Age | Castle Age |
| 22:24 | Create | Cavalry Archer |
| 22:24 | Create | Cavalry Archer |
| 22:25 | Research | Bodkin Arrow |
| 22:28 | Research | Bow Saw |
| 22:30 | Create | Villager (Male) |
| 22:46 | Research | Scale Barding Armor |
| 22:46 | Research | Scale Barding Armor |
| 22:47 | Create | Knight |
| 23:04 | Create | Villager (Male) |
| 23:06 | Build | Siege Workshop |
| 23:16 | Create | Knight |
| 23:24 | Create | Villager (Male) |
Build order — wR.Lucho
First 150 of 314 actions detected
| 0:02 | Build | House |
| 0:03 | Build | House |
| 0:04 | Create | Villager (Male) |
| 0:05 | Create | Villager (Male) |
| 0:05 | Create | Villager (Male) |
| 0:07 | Create | Villager (Male) |
| 1:30 | Create | Villager (Male) |
| 2:05 | Create | Villager (Male) |
| 2:31 | Build | Settlement |
| 2:32 | Create | Villager (Male) |
| 2:33 | Create | Villager (Male) |
| 2:33 | Create | Villager (Male) |
| 2:56 | Create | Villager (Male) |
| 2:57 | Create | Villager (Male) |
| 3:18 | Create | Villager (Male) |
| 3:19 | Create | Villager (Male) |
| 3:53 | Create | Villager (Male) |
| 3:53 | Create | Villager (Male) |
| 4:32 | Create | Villager (Male) |
| 4:32 | Create | Villager (Male) |
| 4:32 | Create | Villager (Male) |
| 4:44 | Build | Barracks |
| 4:59 | Create | Villager (Male) |
| 5:26 | Build | House |
| 5:53 | Research | Loom |
| 6:10 | Build | Palisade Wall |
| 6:21 | Research | Feudal Age |
| 6:22 | Research | Feudal Age |
| 6:37 | Create | Unit 2550 |
| 6:38 | Create | Unit 2550 |
| 7:13 | Build | Palisade Wall |
| 7:14 | Build | Palisade Wall |
| 7:15 | Build | Palisade Wall |
| 7:17 | Create | Unit 2550 |
| 8:14 | Create | Villager (Male) |
| 8:23 | Create | Villager (Male) |
| 8:28 | Create | Villager (Male) |
| 8:31 | Age | Feudal Age |
| 8:32 | Research | Tech 1402 |
| 8:32 | Research | Tech 1402 |
| 8:33 | Build | Archery Range |
| 8:36 | Research | Double-Bit Axe |
| 8:36 | Research | Double-Bit Axe |
| 8:56 | Create | Villager (Male) |
| 9:11 | Build | House |
| 9:16 | Create | Archer |
| 9:17 | Create | Villager (Male) |
| 9:39 | Create | Archer |
| 9:41 | Build | Palisade Wall |
| 9:44 | Build | Palisade Wall |
| 9:47 | Build | Palisade Wall |
| 9:49 | Create | Villager (Male) |
| 9:49 | Create | Villager (Male) |
| 9:49 | Create | Villager (Male) |
| 9:54 | Build | Farm |
| 10:08 | Create | Villager (Male) |
| 10:12 | Build | Farm |
| 10:17 | Create | Archer |
| 10:25 | Build | House |
| 10:30 | Create | Villager (Male) |
| 10:43 | Build | Settlement |
| 10:48 | Create | Archer |
| 11:02 | Create | Villager (Male) |
| 11:02 | Create | Villager (Male) |
| 11:10 | Build | Farm |
| 11:30 | Build | Farm |
| 11:42 | Create | Villager (Male) |
| 11:44 | Build | Farm |
| 11:51 | Create | Skirmisher |
| 12:05 | Create | Villager (Male) |
| 12:06 | Create | Villager (Male) |
| 12:19 | Create | Skirmisher |
| 12:24 | Build | Farm |
| 12:29 | Create | Villager (Male) |
| 12:29 | Create | Villager (Male) |
| 12:37 | Build | Farm |
| 12:42 | Create | Skirmisher |
| 12:54 | Create | Villager (Male) |
| 13:07 | Create | Skirmisher |
| 13:13 | Create | Villager (Male) |
| 13:13 | Build | Farm |
| 13:24 | Create | Villager (Male) |
| 13:25 | Build | House |
| 13:32 | Build | House |
| 13:38 | Create | Skirmisher |
| 13:46 | Create | Villager (Male) |
| 13:48 | Build | Farm |
| 13:59 | Build | House |
| 14:07 | Create | Skirmisher |
| 14:14 | Build | Farm |
| 14:17 | Build | Palisade Wall |
| 14:18 | Build | Palisade Wall |
| 14:29 | Build | Palisade Wall |
| 14:30 | Create | Skirmisher |
| 14:40 | Create | Villager (Male) |
| 14:41 | Build | Palisade Wall |
| 14:42 | Build | Palisade Wall |
| 14:45 | Build | Palisade Wall |
| 15:09 | Create | Villager (Male) |
| 15:20 | Build | Blacksmith |
| 15:25 | Create | Skirmisher |
| 15:27 | Create | Villager (Male) |
| 15:33 | Build | Palisade Wall |
| 15:36 | Create | Villager (Male) |
| 15:47 | Create | Skirmisher |
| 15:49 | Build | Palisade Wall |
| 15:51 | Build | Palisade Wall |
| 15:58 | Create | Skirmisher |
| 16:02 | Research | Fletching |
| 16:05 | Build | House |
| 16:07 | Build | House |
| 16:20 | Build | Farm |
| 16:26 | Build | House |
| 16:29 | Build | House |
| 16:30 | Create | Villager (Male) |
| 16:37 | Create | Villager (Male) |
| 16:41 | Build | House |
| 16:47 | Create | Villager (Male) |
| 16:49 | Research | Padded Archer Armor |
| 16:54 | Create | Villager (Male) |
| 16:57 | Create | Villager (Male) |
| 17:02 | Create | Skirmisher |
| 17:15 | Build | House |
| 17:24 | Build | Palisade Gate |
| 17:53 | Create | Villager (Male) |
| 18:03 | Build | Farm |
| 18:04 | Create | Villager (Male) |
| 18:08 | Build | Palisade Wall |
| 18:10 | Build | Farm |
| 18:23 | Build | Settlement |
| 18:32 | Build | House |
| 18:34 | Build | House |
| 18:42 | Build | House |
| 18:49 | Build | Farm |
| 18:51 | Build | Farm |
| 18:53 | Build | Farm |
| 19:09 | Build | Farm |
| 19:22 | Create | Villager (Male) |
| 19:23 | Build | Farm |
| 19:38 | Build | Palisade Gate |
| 19:55 | Research | Castle Age |
| 19:55 | Research | Castle Age |
| 19:56 | Create | Skirmisher |
| 20:23 | Research | Horse Collar |
| 20:23 | Create | Villager (Male) |
| 20:33 | Build | Farm |
| 20:34 | Build | Farm |
| 20:40 | Research | Gold Mining |
| 20:40 | Research | Gold Mining |
| 20:51 | Create | Skirmisher |
Match timeline
| 4:38 | wR.ACCM · first_building Barracks |
| 4:44 | wR.Lucho · first_building Barracks |
| 6:10 | wR.Lucho · wall_segment Palisade Wall x2 |
| 7:13 | wR.Lucho · wall_segment Palisade Wall x1 |
| 7:14 | wR.Lucho · wall_segment Palisade Wall x1 |
| 7:15 | wR.Lucho · wall_segment Palisade Wall x5 |
| 8:31 | wR.Lucho · age_up feudal |
| 8:33 | wR.Lucho · first_building Archery Range |
| 8:37 | wR.ACCM · wall_segment Palisade Wall x1 |
| 8:38 | wR.ACCM · wall_segment Palisade Wall x2 |
| 8:53 | wR.ACCM · age_up feudal |
| 9:27 | wR.ACCM · wall_segment Palisade Wall x1 |
| 9:28 | wR.ACCM · wall_segment Palisade Wall x3 |
| 9:40 | wR.ACCM · first_building Archery Range |
| 9:41 | wR.Lucho · wall_segment Palisade Wall x1 |
| 9:44 | wR.Lucho · wall_segment Palisade Wall x2 |
| 9:47 | wR.Lucho · wall_segment Palisade Wall x1 |
| 10:42 | wR.ACCM · wall_segment Palisade Wall x4 |
| 10:47 | wR.ACCM · wall_segment Palisade Wall x1 |
| 12:48 | wR.ACCM · wall_segment Palisade Wall x1 |
| 13:13 | wR.ACCM · wall_segment Palisade Wall x8 |
| 14:17 | wR.Lucho · wall_segment Palisade Wall x6 |
| 14:18 | wR.Lucho · wall_segment Palisade Wall x5 |
| 14:29 | wR.Lucho · wall_segment Palisade Wall x1 |
| 14:41 | wR.Lucho · wall_segment Palisade Wall x4 |
| 14:42 | wR.Lucho · wall_segment Palisade Wall x5 |
| 14:45 | wR.Lucho · wall_segment Palisade Wall x9 |
| 15:33 | wR.Lucho · wall_segment Palisade Wall x3 |
| 15:49 | wR.Lucho · wall_segment Palisade Wall x1 |
| 15:51 | wR.Lucho · wall_segment Palisade Wall x1 |
| 18:08 | wR.Lucho · wall_segment Palisade Wall x8 |
| 18:21 | wR.ACCM · wall_segment Palisade Wall x1 |
| 18:23 | wR.ACCM · wall_segment Palisade Wall x4 |
| 19:10 | wR.ACCM · first_market_buy 100 food |
| 21:22 | wR.ACCM · first_building Stable |
| 22:18 | wR.ACCM · age_up castle |
| 22:35 | wR.Lucho · age_up castle |
| 22:36 | wR.Lucho · first_building Monastery |
| 23:06 | wR.ACCM · first_building Siege Workshop |
| 26:16 | wR.Lucho · first_building Siege Workshop |
| 26:23 | wR.ACCM · first_building Monastery |
| 33:36 | wR.Lucho · first_building Castle |
| 34:44 | wR.ACCM · resign |
[ AI ANALYSIS · 1 CREDIT ]
What really happened in this match?
Wolo.gg analyzes every decision: build order, eco, micro, common mistakes by bracket. Personalized analysis on WhatsApp or Discord in 30 seconds.
Civ guide
Japanese
Perfil
Jugador #347269